 Dungeon Crawl Stone Soup version 0.28.0-53-g5a82cb258f (webtiles) character file.

Game seed: 4936273951262830015

99 Zeld the Conjurer (level 4, 0/33 HPs)
             Began as a Draconian Conjurer on June 6, 2022.
             Slain by Ijyb
             ... wielding a +0 club
              (4 damage)
             ... on level 3 of the Dungeon.
             The game lasted 00:03:53 (2623 turns).

Zeld the Conjurer (Draconian Conjurer)              Turns: 2623, Time: 00:03:53

Health: 0/33       AC:  5    Str:  9    XL:     4   Next: 45%
Magic:  5/7        EV: 12    Int: 21    God:
Gold:   42         SH:  0    Dex:  9    Spells: 1/8 levels left

rFire   . . .      SeeInvis .   (no weapon)
rCold   . . .      Faith    .   (no shield)
rNeg    . . .      Spirit   .   (armour unavailable)
rPois   +          Reflect  .   (helmet restricted)
rElec   .          Harm     .   (no cloak)
rCorr   .          Rampage  .   (no gloves)
Will    .....                   (no boots)
Stlth   ++........              (no amulet)
HPRegen 0.11/turn               h - ring of poison resistance
MPRegen 0.10/turn               (no ring)

@: no status effects
A: AC +5, unfitting armour, cold-blooded
a: no special abilities


You were on level 3 of the Dungeon.
You visited 1 branch of the dungeon, and saw 3 of its levels.

You collected 42 gold pieces.

Inventory:

Jewellery
 h - a ring of poison resistance (left hand)
Scrolls
 a - a scroll of teleportation {unknown}
 b - a scroll of enchant armour {unknown}
 f - 2 scrolls of magic mapping {unknown}
 g - a scroll of fog {unknown}
 j - a scroll of fear {unknown}
Potions
 c - a potion of heal wounds {unknown}
 d - a potion of degeneration {unknown}
 e - a potion of curing {unknown}
 i - 2 potions of ambrosia {unknown}
 k - a potion of might {unknown}
 l - a potion of cancellation {unknown}


   Skills:
 + Level 2.3 Dodging
 - Level 1.7 Stealth
 + Level 2.5 Spellcasting
 + Level 4.2 Conjurations
 * Level 1.8 Hexes
 * Level 1.9 Translocations


You had one spell level left.
You knew the following spells:

 Your Spells              Type           Power      Damage    Failure   Level
a - Magic Dart            Conj           80%        1d7       2%          1
b - Searing Ray           Conj           40%        2d5       3%          2
c - Fulminant Prism       Conj/Hex       7%         3d7       36%         4

Your spell library contained the following spells:

 Spells                   Type           Power      Damage    Failure   Level
 Dazzling Flash           Conj/Hex       30%        N/A       12%         3
 Tukima's Dance           Hex            10%        N/A       21%         3
 Iskenderun's Mystic Bla  Conj/Tloc      15%        2d5       36%         4
 Anguish                  Hex/Necr       3%         N/A       67%         4
 Fireball                 Conj/Fire      5%         3d5       85%         5
 Starburst                Conj/Fire      5%         6d4       100%        6
 Enfeeble                 Hex            5%         N/A       100%        7
 Ignition                 Fire           1%         3d3       100%        8


Dungeon Overview and Level Annotations

Branches:
Dungeon (3/15)

Altars:
Vehumet

Annotations:
D:3 2 transporters, Ijyb; countessdiamond's ghost, amateur KoBe


Innate Abilities, Weirdness & Mutations

Your plain brown scales are hard. (AC +5)
You cannot fit into any form of body armour.
You are cold-blooded and may be slowed by cold attacks.


Message History

A goblin is nearby!
The magic dart hits the goblin.
The goblin is heavily wounded.
The goblin shouts!
The magic dart hits the goblin.
You kill the goblin!
You can't see any susceptible monsters within range! (Use Z to cast anyway.) Magic restored.
Things that are here:
a +0 dagger; a goblin corpse
There is a stone staircase leading up here.
Countessdiamond's ghost shrieks, "What do you have that I didn't have?"
Found an escape hatch in the ceiling.
k - a fuming golden potion
l - a green potion You open the door.
Found 20 arrows.
A rat comes into view.
A rat is nearby!
The magic dart hits the rat.
You kill the rat!
You see here a rat corpse.
Ijyb the Twisted Goblin comes into view.
She is wielding a +0 club and carrying a wand of iceblast (12).
Ijyb shouts!
The magic dart hits Ijyb but does no damage.
Ijyb zaps a wand.
The mass of ice explodes!
The iceblast engulfs you!
Ijyb zaps a wand.
The mass of ice explodes!
The iceblast engulfs you.
Okay, then.
Ijyb zaps a wand.
The mass of ice explodes!
The iceblast engulfs you!
* * * LOW HITPOINT WARNING * * *
Casting: Magic Dart (safe; 2% risk of failure)
Confirm with . or Enter, or press ? or * to list all spells.
Aiming: Searing Ray (safe; 3% risk of failure)
Press: ? - help, Shift-Dir - straight line, f/p - Ijyb
Aim: Ijyb, wielding a +0 club, wearing a +0 leather armour and carrying a wand of iceblast (9) (72% to hit)
The searing ray hits Ijyb.
Ijyb is lightly wounded. (Press . to maintain the ray.) Ijyb hits you with a +0 club.
You die...

### #.# #.# #.## #..#
#..# #..# #..#..#
##@###..# 8#..#..#
#g.# ..# ....$#..#
##.# ... ....(#©.#
#.###g# ...$#..#
#..##.# #..#..#
##.##.#
###..#..#########.##.#
....n#...............#
.....#..##########.#.#


You could see Ijyb.

Vanquished Creatures
  Jessica (D:2)
  2 adders (D:2)
  An adder skeleton (D:2)
  A worm (D:2)
  A dart slug (D:1)
  4 bats
  5 endoplasms
  4 giant cockroaches
  5 goblins
  A hobgoblin (D:1)
  4 quokkas (D:1)
  2 ball pythons (D:1)
  A frilled lizard (D:1)
  7 kobolds
  8 rats
47 creatures vanquished.

Notes
Turn   | Place    | Note
-------+----------+-------------------------------------------
     0 | D:1      | Zeld the Draconian Conjurer began the quest for the Orb.
     0 | D:1      | Reached XP level 1. HP: 14/14 MP: 3/3
   471 | D:1      | Reached XP level 2. HP: 19/20 MP: 0/5
   493 | D:1      | Learned a level 2 spell: Searing Ray
   836 | D:1      | Found a faded altar of an unknown god.
   840 | D:1      | Reached skill level 1 in Translocations
   886 | D:1      | Reached skill level 1 in Hexes
  1148 | D:1      | Reached XP level 3. HP: 26/26 MP: 3/6
  1862 | D:2      | Noticed Jessica
  1889 | D:2      | Killed Jessica
  1890 | D:2      | Reached XP level 4. HP: 33/33 MP: 1/7
  1967 | D:2      | Learned a level 4 spell: Fulminant Prism
  2114 | D:2      | Found a radiant altar of Vehumet.
  2496 | D:3      | Noticed countessdiamond's ghost (amateur KoBe)
  2496 | D:3      | Found a transporter.
  2496 | D:3      | Found a transporter.
  2563 | D:3      | Noticed a necrophage
  2604 | D:3      | Noticed Ijyb
  2623 | D:3      | Slain by Ijyb

Illustrated notes

Levels and vault maps discovered:
D:1:      amcnicky_arrival_underground_garden, layout_basic,
          ebering_ecumenical_altar_webs
D:2:      layout_rooms, basic_altar, serial_bayou_crossing, uniq_jessica
D:3:      layout_basic, trog_wizard, chequers_temple_overflow_minitemple,
          gammafunk_ghost_mausoleum, st_stairs_12, uniq_terence, uniq_natasha,
          uniq_ijyb

Skill      XL: |  1  2 |
---------------+-------+-----
Dodging        | 2 |  2.3
Translocations | 1 |  1.9
Hexes          | 1 |  1.8
Stealth        | |  1.7
Spellcasting   | |  2.5
Conjurations   | |  4.2

Action                   |  1- 3 |  4- 6 || total
-------------------------+-------+-------++-------
Melee: Unarmed           |     8 |       ||     8
       Tailslap          |     1 |       ||     1
 Cast: Magic Dart        |    71 |    18 ||    89
       Searing Ray       |     4 |     1 ||     5
Armor: Skin              |    27 |     1 ||    28
Dodge: Dodged            |    49 |     2 ||    51
